Cogmind - Beta 13 @@@ ROGUE MODE // 2024.04.18 @ 21:01:00 Player: Kinga Result: Destroyed by SJ-ZJ1(R) with Subdweller Beam Cannon Performance ------------- Evolutions (0) 0 Regions Visited (2) 400 Robots Destroyed (13) 65 Value Destroyed (305) 305 Prototype IDs (0) 0 Alien Tech Used (0) 0 Bonus (18) 18 TOTAL SCORE: 788 Bonus ------- High Alert Combat Kills 18 Cogmind --------- Core Integrity 0/250 Matter 286/300 Energy 21/100 System Corruption 6% Temperature Cool (11) Movement Hovering (56) Location -10/Subcaves Parts ------- > --- POWER (1) -------- (None) > --- PROPULSION (2) --- Hover Unit Hover Unit > --- UTILITY (2) ------ Small Storage Unit > --- WEAPON (2) ------- Subdweller Laser > --- INVENTORY (8) ---- Subdweller Monowheel Medium Matter Pod (100) EM Pulse Gun Grenade Launcher Peak State ------------ > --- POWER ------------ Light Ion Engine > --- PROPULSION ------- Hover Unit Hover Unit > --- UTILITY ---------- Small Storage Unit Structural Scanner > --- WEAPON ----------- Subdweller Laser Light Assault Rifle > --- INVENTORY -------- Subdweller Monowheel Hover Unit Hover Unit Hover Unit Medium Matter Pod EM Pulse Gun Light Assault Rifle Grenade Launcher [Rating: 8] Favorites ----------- Power Light Ion Engine Engine Light Ion Engine Propulsion Hover Unit Treads Light Treads Hover Unit Hover Unit Utility Small Storage Unit Device Structural Scanner Storage Small Storage Unit Weapon Light Assault Rifle Energy Gun EM Pulse Gun Ballistic Gun Light Assault Rifle Build | -11 -10 -10 ------- Run | Yrd Mat Sub Slots Evolved . | . . . Power . | . . . Propulsion . | . . . Utility . | . . . Weapon . | . . . Parts Attached 23 | 6 9 8 Power 3 | 1 2 . Engine 3 | 1 2 . Core . | . . . Reactor . | . . . Propulsion 12 | 2 5 5 Treads 2 | 2 . . Leg . | . . . Wheel . | . . . Hover 10 | . 5 5 Flight . | . . . Utility 2 | 1 1 . Device 1 | . 1 . Storage 1 | 1 . . Processor . | . . . Hackware . | . . . Protection . | . . . Artifact . | . . . Weapon 6 | 2 1 3 Energy Gun 3 | 1 . 2 Energy Cannon . | . . . Ballistic Gun 3 | 1 1 1 Ballistic Cannon . | . . . Launcher . | . . . Special Weapon . | . . . Impact Weapon . | . . . Slashing Weapon . | . . . Piercing Weapon . | . . . Special Melee Weapon . | . . . Unidentified Prototypes . | . . . Parts Lost 9 | . 1 8 Power 1 | . . 1 Propulsion 5 | . 1 4 Utility 1 | . . 1 Weapon 2 | . . 2 Highest Loss Streak 7 | . 1 7 To Critical Strikes 2 | . . 2 Average Slot Usage (%) 97 | . 96 98 Engine 13 | . 14 12 Treads 1 | . 2 . Hover 26 | . 25 28 Device 12 | . 10 13 Storage 14 | . 14 14 Energy Gun 2 | . 4 . Ballistic Gun 25 | . 23 26 Naked Turns . | . . . Heaviest Build 12 | 11 12 11 Greatest Support 40 | 40 40 12 Greatest Overweight (x) 1 | . 1 1 Average Overweight (x) . | . . . Largest Inventory Capacity 8 | 8 8 8 Average Capacity 7 | 7 8 8 Most Carried 8 | 4 8 8 Average Carried 6 | 2 7 7 Final Capacity 8 | 8 8 8 Final Carried 7 | 4 7 4 Class Distribution -------------------- 100% | Mutant Dominant Class ---------------- Mutant | -10/Materials Mutant | -10/Subcaves Resources | -11 -10 -10 ----------- Run | Yrd Mat Sub Matter Collected 595 | 237 211 147 Remotely . | . . . Salvage Created 391 | . 211 180 Parts 32 | . 21 11 Haulers Intercepted . | . . . Recyclers Shooed . | . . . Parts Field Recycled . | . . . Retrieved Matter . | . . . Parts Self-Destructed 9 | . . 9 Prevented . | . . . Kills | -11 -10 -10 ------- Run | Yrd Mat Sub Combat Hostiles Destroyed 9 | . 5 4 Guns 9 | . 5 4 Classes Destroyed 7 | . 5 2 Tunneler 1 | . 1 . Operator 1 | . 1 . Watcher 2 | . 2 . Swarmer 4 | . 3 1 Grunt 3 | . 2 1 Sentry 1 | . . 1 Subdweller 1 | . . 1 Best Kill Streak 3 | . 3 2 Combat Bots Only 3 | . 3 2 Max Kills in Single Turn 1 | . 1 1 Gunslinging . | . . . Exploded . | . . . Melee . | . . . Uniques/NPCs Destroyed . | . . . Combat | -11 -10 -10 -------- Run | Yrd Mat Sub Hostile Shots Fired 96 | . 39 57 Missed 37 | . 17 20 Damage Taken 1009 | . 210 799 Core 256 | . 58 198 Absorbed by Shields . | . . . Core Remaining (%) 100 | 100 . . Volleys Fired 60 | . 32 28 Largest 2 | . 2 2 Hottest 80 | . 60 80 Shots Fired 120 | . 64 56 Gun 120 | . 64 56 Cannon . | . . . Launcher . | . . . Special . | . . . Kinetic 97 | . 46 51 Thermal 5 | . . 5 Explosive . | . . . Electromagnetic 18 | . 18 . Robot Hit Streak 12 | . 9 12 Robot Miss Streak 3 | . 3 2 Penetration Max . | . . . Secondary Targets 2 | . 2 . Max Gunslinging Chain 1 | . 1 . Shots Hit Robots 81 | . 38 43 Core Hits 27 | . 16 11 Critical Kills . | . . . Critical Parts Destroyed . | . . . Critical Strikes . | . . . Melee Attacks . | . . . Impact . | . . . Slashing . | . . . Piercing . | . . . Sneak Attacks . | . . . Combat Hostiles . | . . . Follow-up Attacks . | . . . Damage Inflicted 745 | . 396 349 Guns 734 | . 385 349 Cannons . | . . . Explosions . | . . . Melee . | . . . Ramming 11 | . 11 . Kinetic 511 | . 244 267 Thermal 82 | . . 82 Explosive . | . . . Electromagnetic 141 | . 141 . Impact . | . . . Slashing . | . . . Piercing . | . . . Highest Corruption 6 | . 6 6 Average Corruption 5 | . 5 6 Corruption Purged . | . . . Corruption Blocked . | . . . Effects 23 | . 9 14 Message Errors 5 | . 1 4 Matter Fused 4 | . 2 2 Heat Flow Errors 4 | . 2 2 Energy Discharges 4 | . 3 1 Parts Rejected 1 | . . 1 Data Loss (minor) 4 | . 1 3 Data Loss (major) 1 | . . 1 Overload Shots . | . . . Overflow Damage . | . . . Projectiles . | . . . Explosions . | . . . Melee . | . . . Knockbacks . | . . . Impact . | . . . Kinetic . | . . . Secondary . | . . . Self-Inflicted Damage 4 | . 4 . Shots . | . . . Rammed 3 | . 3 . Targets Rammed 3 | . 3 . Kicked . | . . . Crushed . | . . . Highest Temperature 234 | . 190 234 Average Temperature 47 | . 35 117 Received Heat Transfer 463 | . 36 427 Siege Activations . | . . . Robots Corrupted . | . . . Combat Hostiles . | . . . Parts Fried 1 | . 1 . Impact Corruptions . | . . . Robots Melted . | . . . Combat Hostiles . | . . . Parts Melted . | . . . Heat Transferred 100 | . . 100 Parts Sabotaged . | . . . Parts Stolen . | . . . Parts Stripped . | . . . Power Chain Reactions . | . . . Alert | -11 -10 -10 ------- Run | Yrd Mat Sub Peak Influence 508 | . 508 . Initial . | . . . Average 282 | . 321 . Maximum Alert Level 2 | . 2 . Low Security (%) 30 | 100 20 . Level 1 34 | . 38 . Level 2 35 | . 40 . Level 3 . | . . . Level 4 . | . . . Level 5 . | . . . High Security . | . . . Max Security . | . . . Squads Dispatched 3 | . 3 . Investigation 2 | . 2 . Extermination . | . . . Reinforcement 1 | . 1 . Assault . | . . . Garrison . | . . . Intercept . | . . . Searches Triggered . | . . . Construction Impeded . | . . . Haulers Reinforced . | . . . Active Scanning Responses . | . . . Cargo Convoy Interrupts . | . . . Stealth | -11 -10 -10 --------- Run | Yrd Mat Sub Distress Signals . | . . . Communications Jammed . | . . . Distress Signals . | . . . Times Spotted 21 | . 13 8 Peak Tracking Total 4 | . 4 3 Tactical Retreats 1 | . . 1 Traps | -11 -10 -10 ------- Run | Yrd Mat Sub Traps Triggered 3 | . 3 . Indirectly . | . . . Trap Hack Attempts . | . . . Triggered . | . . . Disarmed . | . . . Reprogrammed . | . . . Reused . | . . . Traps Extracted . | . . . Installed . | . . . Triggered . | . . . Machines | -11 -10 -10 ---------- Run | Yrd Mat Sub Machines Disabled 1 | . 1 . Max in Single Turn 1 | . 1 . Machines Repaired . | . . . Machines Dismantled . | . . . Machines Sabotaged . | . . . Overloaded Fab Kills . | . . . Hacking | -11 -10 -10 --------- Run | Yrd Mat Sub Machines Accessed 3 | . 3 . Terminals 3 | . 3 . Fabricators . | . . . Repair Stations . | . . . Recycling Units . | . . . Scanalyzers . | . . . Garrison Access . | . . . Total Hacks 13 | . 13 . Successful 6 | . 6 . Failed 7 | . 7 . Catastrophic 1 | . 1 . Database Lockouts . | . . . Manual 13 | . 13 . Terminals 13 | . 13 . Fabricators . | . . . Repair Stations . | . . . Recycling Units . | . . . Scanalyzers . | . . . Garrison Access . | . . . Terminal Hacks 2 | . 2 . Recall Investigation 2 | . 2 . Fabricator Hacks . | . . . Repair Station Hacks . | . . . Recycling Unit Hacks . | . . . Scanalyzer . | . . . Garrison Access Hacks . | . . . Unauthorized Hacks 4 | . 4 . Terminals 4 | . 4 . Assimilate 1 | . 1 . Botnet 3 | . 3 . Fabricators . | . . . Repair Stations . | . . . Recycling Units . | . . . Scanalyzers . | . . . Garrison Access . | . . . Data Cores Recovered . | . . . Used . | . . . Hacking Detections 3 | . 3 . Full Trace Events 3 | . 3 . Feedback Events . | . . . Feedback Blocked . | . . . Robot Schematics Acquired . | . . . Robots Built . | . . . Authchips . | . . . Time . | . . . Total Robot Build Rating . | . . . Part Schematics Acquired . | . . . Parts Built . | . . . Authchips . | . . . Time . | . . . Total Part Build Rating . | . . . Parts Repaired . | . . . Time . | . . . Parts Recycled . | . . . Recycled Matter . | . . . Retrieved Matter . | . . . Retrieved Components . | . . . Parts Scanalyzed . | . . . Part Schematics Acquired . | . . . Parts Damaged . | . . . Bothacking | -11 -10 -10 ------------ Run | Yrd Mat Sub Used RIF Installer . | . . . Robots Hacked . | . . . Non-combat . | . . . Combat . | . . . Robot Hacks Applied . | . . . Relay Couplers Released . | . . . Fabnet Peak Effective % . | . . . Robots Rewired . | . . . Allies Hacked . | . . . Hacks Repelled . | . . . Allies | -11 -10 -10 -------- Run | Yrd Mat Sub Total Allies . | . . . Largest Group . | . . . Highest-Rated Group . | . . . Highest-Rated Ally . | . . . Total Orders . | . . . Ally Attacks . | . . . Total Damage . | . . . Kills . | . . . Allies Corrupted . | . . . Allies Melted . | . . . Intel | -11 -10 -10 ------- Run | Yrd Mat Sub Robot Analysis Total . | . . . Derelict Logs Recovered 1 | . . 1 Drone Launches . | . . . Drone Recoveries . | . . . Exploration | -11 -10 -10 ------------- Run | Yrd Mat Sub Turns Passed 1168 | 76 549 543 Spaces Moved 1104 | 43 247 814 Core 4 | 4 . . Treads 61 | 39 22 . Legs . | . . . Wheels . | . . . Hover 1039 | . 225 814 Flight . | . . . Fastest Speed 50 | 50 56 56 Average Speed 62 | 149 66 56 Slowest Speed 160 | 160 160 120 Overloaded Moves . | . . . Propulsion Burnouts . | . . . Robots Hopped . | . . . Cave-ins Triggered . | . . . Exploration Rate (%) 28 | 4 36 45 Regions Visited 2 Branch Regions 1 Pre-discovered Areas . | . . . Known Exits Taken . | . . . Unknown Exits Taken 2 | 1 1 . Scrap Searched 2 | . . 2 Spaces Dug . | . . . Terrain Destroyed . | . . . Melee . | . . . Projectile . | . . . AOE . | . . . Terrain Rammed . | . . . Walls Destroyed . | . . . Machines Disabled . | . . . Actions | -11 -10 -10 --------- Run | Yrd Mat Sub Total 1484 | 52 580 852 Wait 270 | . 270 . Move 1102 | 42 246 814 Hop . | . . . Pick Up 14 | 4 9 1 Fast Attach 12 | 6 4 2 Attach 7 | . 2 5 Detach 1 | . . 1 Swap 4 | . 3 1 Drop 11 | . 11 . Fire 60 | . 32 28 Melee . | . . . Ram 2 | . 2 . Kick . | . . . Crush 1 | . 1 . Escape Stasis . | . . . Rewire . | . . . Trap . | . . . Miscellaneous . | . . . Route ------- -11/Scrapyard -10/Materials (discovered 2 exits: [*Min] / [*Sub]) -10/Subcaves History --------- Turn | Location | Event 55 | -11/Scrapyard | Discovered new exit (range 15) 77 | -11/Scrapyard | Entered Materials 163 | -10/Materials | Discovered new exit (range 9) 304 | -10/Materials | Build established: Mutant 357 | -10/Materials | Discovered new exit (range 9) 626 | -10/Materials | Entered Subcaves 629 | -10/Subcaves | Learned Materials emergency access door positions 1136 | -10/Subcaves | Core integrity fell below 50% 1159 | -10/Subcaves | Core integrity fell below 20% 1169 | -10/Subcaves | Destroyed by SJ-ZJ1(R) with Subdweller Beam Cannon Last Messages --------------- 01006_ VNKX,OVYTMMCN%WF44RHMNTX0WNS 0QFML<8 01137_ Lgt. Assault Rifle destroyed. 01140_ Structural Scanner destroyed. 01154_ System corrupted: Substantial component data lost. 01155_ Hover Unit destroyed. 01157_ Critical hit (Meltdown: +250). 01158_ Lgt. Assault Rifle destroyed. 01166_ Acquired 2 matter. 01169_ Subatomizers dissect the Wheel. Map ----- +----------------------------------------------------+ | ???????????????######### ### # | | ?????????????########### # | | ?????????????###### ### ## | | ?????????????## ### # ## | | ?????????????### ## ### ## ## | | ??????????????### ### #### ## | | ???????????????#### ## ######### | | ???????????????#### #### ## # | | ??????????????#### ##### # | | ?????????????#### ### ##### ## ## # | | ?????????????### #######?############ # | | ?????????????## #################### | | ?????????????## ############????????## | | ?????????????## ######## ####??????### # | | ?????????????## # ## ##" ####?????### # | | ?????????????## " ####????## | | ?????????????### ## ???? ## | | ?????????????#### ## ???? #### | | ??????????????### ### ?????#### | | ???????????????## # ### ??????????? | | ??????????????### ####???????????? | | ??????????????### ###?????????????? | | ??????????????## | ######?????????????? | | ??????????????## * ######??????????????? | | ??????????????## =###?????????????????? | | ??????????????## @ ##??????????????????? | | ?????????????### ###?????????????????? | | ?????????????### ####????????????????? | | ?????????????## ####???????????????? | | ?????????????## ######????????????? | | ?????????????## R ##"###???????????? | | ?????????????### ## RR ###???????????? | | ?????????????### ### ##???????????? | | ??????????????## ###### ###???????????? | | ??????????????## ##### ##???????????? | | ??????????????### ##??### ;#???????????? | | ??????????????### #??##" ###???????????? | | ???????????????# ????# ###???????????? | | ???????????????## #???# #????????????? | | ???????????????# "#??## ##???????????? | | ???????????????? #??##""" ##???????????? | | ???????????????? #??### ###???????????? | | ???????????????? ##??## ###???????????? | | ???????????????? "???? " #????????????? | | ???????????????? ?????? """?????????????? | | ???????????????????????? ####?????????????? | | ???????????????????????? ?????????????????? | | ???????????????????????? ?????????????????? | | ???????????????????????? ?????????????????? | | ??????????????????????????????????????????? | +----------------------------------------------------+ Best States ------------- Heat Dissipation 25 Energy Generation 10 Energy Capacity 125 Matter Stores 300 Matter Capacity 300 Sight Range 16 Terrain Scan Density 10 Evasion (%) 53 Recoil Reduction 2 Item Schematics ----------------- None Robot Schematics ------------------ None Fabricated ------------ Nothing Alien Tech Used ----------------- None Achievements -------------- None Challenges ------------ None Game ------ Seed SpreadRainbowFirepult Manual? 0 Play Time 00:13:41 Cumulative 28.5 hours Start 2024.04.18 @ 20:49:50 End 2024.04.18 @ 21:01:00 Sessions 1 Manual Loads 0 Difficulty Rogue Special Mode None Game No. 45 Rogue 45 Adventurer 0 Explorer 0 Win Type - Total 2 Types 2/0/0/0/0/0/0/0/0 Lore% 17 Gallery% 40 Achievement% 32 Wizard Run 0 Options --------- Layout 0 ASCII 0 Keyboard 0 Movement Numpad Keybinds 0 Fullscreen 2 Font 18/SmallcapsGlow Map View 76x50 Zoom Use 0% Tactical HUD 1 Map Filters NONE Filters NONE Steam 1 RUN: 6b3437a2-9b65-45d7-ad60-73cf80575f03